 Dungeon Crawl Stone Soup version 0.32-a0-329-ge6c31236d6 (webtiles) character file.

Game seed: 16560087565426384908

11135 n00bmints the Bludgeoner (level 11, -2/99 HPs)
             Began as a Minotaur Berserker on Feb 17, 2024.
             Was an Elder of Trog.
             Killed by divine providence
             ... invoked by an orc priest
              (13 damage)
             ... on level 1 of the Orcish Mines.
             The game lasted 00:48:10 (8826 turns).

n00bmints the Bludgeoner (Minotaur Berserker)       Turns: 8826, Time: 00:48:11

Health: -2/99      AC: 17    Str: 29    XL:     11   Next: 45%
Magic:  10/10      EV:  9    Int:  4    God:    Trog [****..]
Gold:   701        SH: 10    Dex: 18    Spells: 10/10 levels left

rFire   . . .        l - +8 flail "Axtoveoz" {drain, rF- Str+3 Dex+2 Stlth+}
rCold   x . .        i - +0 kite shield
rNeg    . . .        L - +2 plate armour
rPois   .            (helmet restricted)
rElec   .            (no cloak)
rCorr   .            v - +0 pair of gloves
SInv    .            (no boots)
Will    ++...        y - amulet of faith
Stlth   x              - +6 ring of dexterity
HPRegen 1.36/turn    c - ring of fire
MPRegen 0.12/turn

%: faith
@: strong-willed, on berserk cooldown, regenerating, slowed, very slow
A: horns 2, retaliatory headbutt
a: Renounce Religion, Berserk, Trog's Hand, Brothers in Arms


You were on level 1 of the Orcish Mines.
You worshipped Trog.
Trog was greatly pleased with you.
You visited 2 branches of the dungeon, and saw 10 of its levels.
You also visited: Sewer.

You collected 701 gold pieces.

Inventory:

Hand Weapons
 l - the +8 flail "Axtoveoz" (weapon) {drain, rF- Str+3 Dex+2 Stlth+}
   (You found it on level 2 of the Dungeon)

   Str+3:     It affects your strength (+3).
   Dex+2:     It affects your dexterity (+2).
   rF-:       It makes you vulnerable to fire.
   Stlth+:    It makes you more stealthy.
Armour
 i - a +0 kite shield (worn)
 v - a +0 pair of gloves (worn)
 L - a +2 plate armour (worn)
Jewellery
 a - an amulet of the acrobat
 c - a ring of fire (right hand)
 g - a ring of resist corrosion
 x - a +6 ring of dexterity (left hand)
 y - an amulet of faith (around neck)
 K - a ring of see invisible
Scrolls
 e - 4 scrolls of vulnerability
 f - a scroll of poison {unknown}
 h - 2 scrolls of amnesia
 k - 3 scrolls of fear
 n - 3 scrolls of butterflies
 p - 2 scrolls of noise
 q - a scroll of revelation {unknown}
 r - a scroll of immolation {unknown}
 t - 2 scrolls of blinking
 A - a scroll of fog {unknown}
 C - 3 scrolls of enchant weapon (quivered)
 E - a scroll of teleportation {unknown}
 N - a scroll of brand weapon {unknown}
Potions
 b - 3 potions of brilliance
 m - 2 potions of cancellation {unknown}
 o - a potion of attraction {unknown}
 s - a potion of might {unknown}
 u - 6 potions of mutation
 w - 3 potions of heal wounds {unknown}
 z - a potion of enlightenment {unknown}
 D - 2 potions of degeneration {unknown}
 F - a potion of experience {unknown}
 G - a potion of magic {unknown}
 H - a potion of haste {unknown}
 I - 2 potions of invisibility {unknown}
 M - a potion of curing


   Skills:
 + Level 10.1 Fighting
 * Level 15.7 Maces & Flails
 - Level 4.5 Polearms
 + Level 9.7 Armour
 + Level 4.4 Dodging
 + Level 3.9 Shields


You had 10 spell levels left.
You didn't know any spells.
Your spell library was empty.

Dungeon Overview and Level Annotations

Branches:
Dungeon (9/15)             Temple (0/1) D:6             Orc (1/2) D:9
  Sewer (visited)
   Lair: D:8-11

Altars:
Cheibriados
Dithmenos
Fedhas
Gozag
Okawaru
Zin
Beogh


Innate Abilities, Weirdness & Mutations

You have a pair of horns on your head.
You reflexively headbutt those who attack you in melee.


Message History

The orc warlord freezes you.
Things that are here:
a +0 flail; a +0 leather armour; an orc corpse You are too injured to fight recklessly!
You are too injured to fight recklessly!
You sock the orc warlord!
The orc warlord is lightly wounded.
You block the orc's attack.
The orc warlord hits you with a +2 war axe of freezing!
The orc warlord freezes you!
You sock the orc warlord! You headbutt the orc warlord!
The orc warlord is moderately wounded.
You barely miss the orc warlord.
The orc warlord is moderately wounded.
The orc misses you. You block the orc warlord's attack.
You barely miss the orc warlord. You headbutt the orc warlord.
The orc warlord is moderately wounded.
You hit the orc warlord but do no damage.
The orc warlord is moderately wounded.
You are no longer berserk.
You are exhausted.
You feel yourself slow down.
An orc comes into view. It is wielding a +0 whip.
The orc barely misses you.
The orc warlord hits you with a +2 war axe of freezing!!
* * * LOW HITPOINT WARNING * * *
The orc warlord freezes you!
* * * LOW HITPOINT WARNING * * *
Blink to where?
Press: ? - help, Dir - move target
Okay, then.
An orc warrior comes into view. It is wielding a +0 battleaxe.
Things that are here:
a +0 club; an orc corpse An orc comes into view.
It is wielding a +0 dagger.
The orc warlord roars a battlecry!
The orcs go into a battle-frenzy!
The orc priest invokes the aid of Beogh against you.
Beogh smites you!
You die...

# $.. ##.... .#.###.
..ooo......#..
##.#o#....#.#o.. ## #.o.#
#......o.. ##.# ###oo#
#......... #...##
#.#o######....$...
#.#.###.o##.#.###.......
##.....#@).....)........#
#.....).)†...............
##.#...))......._......##
####...............#.##
##......##.........##.#
#.>.....#.#.....##.# ##
###.>)..#...........#
#...<...#..#.....####
###.))).#.###....#


You could see an orc warlord, an orc warrior (strong), an orc priest (strong)
and 6 orcs.

Vanquished Creatures
  Erolcha (D:9)
  3 two-headed ogres
  Jeremiah (D:6)
  Grinder (D:6)
  Prince Ribbit (D:6)
  6 humans (D:8)
  6 yaks
  4 wargs (Orc:1)
  Grum (D:9)
  The ghost of zenocrate the Sneak, an amateur OpDe (D:4)
  A water moccasin (D:5)
  2 acid dragons (D:9)
  5 orc warriors
  An ice beast (D:5)
  4 black bears
  4 phantoms
  4 ogres
  4 wolves (D:9)
  4 centaurs
  3 kobold brigands
  A bullfrog (D:6)
  A gnoll sergeant (D:7)
  2 scorpions (D:4)
  4 wights (D:7)
  8 killer bees (D:9)
  A howler monkey (D:4)
  2 quasits (D:4)
  4 hounds
  5 jellies
  5 orc priests
  2 sleepcaps
  Terence (D:2)
  Natasha (thrice) (D:2)
  3 iguanas
  6 orc wizards
  9 adders
  16 gnolls
  2 river rats (Sewer)
  2 shadow imps (D:6)
  A white imp (D:7)
  A dart slug (D:3)
  A ribbon worm (D:5)
  39 orcs
  4 bats
  7 endoplasms
  9 giant cockroaches
  7 goblins
  8 hobgoblins
  7 jackals (D:1)
  7 quokkas
  8 ball pythons
  7 frilled lizards
  19 kobolds
  7 rats
266 creatures vanquished.

Vanquished Creatures (collateral kills)
  6 orc warriors
  An orc priest (D:9)
  20 orcs
27 creatures vanquished.

Grand Total: 293 creatures vanquished

Notes
Turn   | Place    | Note
-------+----------+-------------------------------------------
     0 | D:1      | n00bmints the Minotaur Berserker began the quest for the
                  | Orb.
     0 | D:1      | Reached XP level 1. HP: 19/19 MP: 0/0
    62 | D:1      | Reached XP level 2. HP: 18/27 MP: 1/1
   198 | D:1      | Reached XP level 3. HP: 28/33 MP: 2/2
   799 | D:2      | Identified the +8 flail "Axtoveoz" {drain, rF- Str+3 Dex+2
                  | Stlth+}
   819 | D:2      | Noticed Natasha
   827 | D:2      | Killed Natasha
   827 | D:2      | Reached ** piety under Trog
   828 | D:2      | Reached skill level 1 in Maces & Flails
   828 | D:2      | Reached XP level 4. HP: 30/41 MP: 3/3
   910 | D:2      | Noticed Natasha
   915 | D:2      | Killed Natasha
   944 | D:2      | Reached skill level 5 in Fighting
  1077 | D:2      | Noticed Terence
  1082 | D:2      | Killed Terence
  1083 | D:2      | Reached skill level 2 in Maces & Flails
  1083 | D:2      | Reached XP level 5. HP: 48/48 MP: 4/4
  1498 | D:2      | Noticed Natasha
  1503 | D:2      | Killed Natasha
  1724 | D:3      | Found an opulent altar of Gozag.
  1724 | D:3      | Found a glowing silver altar of Zin.
  1785 | D:3      | Reached skill level 3 in Maces & Flails
  2386 | D:4      | Noticed a phantom
  2391 | D:4      | Killed a phantom
  2392 | D:4      | Reached skill level 4 in Maces & Flails
  2392 | D:4      | Reached XP level 6. HP: 56/56 MP: 5/5
  2653 | D:4      | Reached skill level 5 in Maces & Flails
  2655 | D:4      | Reached XP level 7. HP: 56/62 MP: 6/6
  2747 | D:4      | Found a transporter.
  2750 | D:4      | Noticed zenocrate's ghost (amateur OpDe)
  2761 | D:4      | Found a transporter.
  2842 | D:4      | Killed zenocrate's ghost
  2843 | D:4      | Reached skill level 6 in Maces & Flails
  2948 | D:4      | Reached skill level 7 in Maces & Flails
  3154 | D:5      | Entered Level 5 of the Dungeon
  3240 | D:5      | Reached skill level 8 in Maces & Flails
  3240 | D:5      | Reached XP level 8. HP: 65/70 MP: 7/7
  3398 | D:5      | Reached skill level 9 in Maces & Flails
  3506 | D:5      | Reached *** piety under Trog
  3650 | D:5      | Found an iron altar of Okawaru.
  3651 | D:5      | Found a shadowy altar of Dithmenos.
  3926 | D:5      | Reached skill level 10 in Maces & Flails
  4183 | D:6      | Reached skill level 5 in Armour
  4197 | D:6      | Noticed Grinder
  4199 | D:6      | Paralysed by Grinder for 2 turns
  4204 | D:6      | Killed Grinder
  4205 | D:6      | Reached skill level 11 in Maces & Flails
  4205 | D:6      | Reached XP level 9. HP: 78/78 MP: 8/8
  4309 | D:6      | Noticed Jeremiah
  4495 | D:6      | Killed Jeremiah
  4674 | D:6      | Found a glowing drain.
  4694 | Sewer    | Entered a sewer
  4811 | Sewer    | Found a viscous altar of Jiyva.
  5044 | D:6      | Reached skill level 12 in Maces & Flails
  5075 | D:6      | Found a staircase to the Ecumenical Temple.
  5234 | D:6      | Found a blossoming altar of Fedhas.
  5509 | D:6      | Noticed Prince Ribbit
  5525 | D:6      | Killed Prince Ribbit
  5989 | D:7      | Noticed a two-headed ogre
  6000 | D:7      | Killed a two-headed ogre
  6001 | D:7      | Reached skill level 13 in Maces & Flails
  6166 | D:7      | Reached XP level 10. HP: 86/86 MP: 9/9
  6217 | D:7      | Reached **** piety under Trog
  6980 | D:8      | Found a snail-covered altar of Cheibriados.
  7004 | D:8      | Reached skill level 14 in Maces & Flails
  7124 | D:8      | Reached skill level 1 in Shields
  7174 | D:8      | Noticed a two-headed ogre
  7178 | D:8      | Killed a two-headed ogre
  7790 | D:9      | Identified the +2 trident of Lit Abi {flame, SInv}
  7849 | D:9      | Noticed a two-headed ogre
  7853 | D:9      | Killed a two-headed ogre
  7854 | D:9      | Reached skill level 15 in Maces & Flails
  7943 | D:9      | Noticed Grum
  7951 | D:9      | Reached XP level 11. HP: 96/97 MP: 10/10
  7967 | D:9      | Killed Grum
  7967 | D:9      | Reached ***** piety under Trog
  8094 | D:9      | Found a staircase to the Orcish Mines.
  8137 | D:9      | Noticed Erolcha
  8150 | D:9      | Killed Erolcha
  8230 | D:9      | Found a roughly hewn altar of Beogh.
  8599 | Orc:1    | Entered Level 1 of the Orcish Mines
  8741 | Orc:1    | Found a roughly hewn altar of Beogh.
  8798 | Orc:1    | Reached skill level 10 in Fighting
  8806 | Orc:1    | Noticed an orc warlord
  8826 | Orc:1    | Killed from afar by an orc priest

Illustrated notes

Levels and vault maps discovered:
D:1:      dpeg_arrival_houses_and_road, layout_loops_ring
D:2:      layout_loops_ring, minmay_misc_feat_chi, uniq_terence, uniq_natasha
D:3:      layout_loops_ring, grunt_temple_overflow_gold_and_silver,
          nicolae_houndstooth_variations
D:4:      layout_cave_pools, gammafunk_ghost_stat_death
D:5:      layout_basic, nicolae_overflow_hidden_temple, nicolae_tricolors
D:6:      layout_loops_corners, lemuel_tele_altar,
          minmay_temple_entry_antechambers, gup_sewer_entry_pipe,
          chequers_serial_rivers_micro_c, kennysheep_windowed_goal,
          uniq_grinder, uniq_jeremiah, uniq_prince_ribbit1
D:7:      layout_cave_pools
D:8:      layout_rooms, mainiacjoe_overflow_brackets, minmay_ruffians
D:9:      layout_roguey [special_room_orc], david_orc_2, grunt_ministairs_9,
          uniq_erolcha, uniq_grum
Orc:1:    layout_diamond_mine, basic_altar

Skill      XL: |  1  2  3  4  5  6  7  8  9 10 11 |
---------------+----------------------------------+-----
Polearms       | 4 |  4.5
Fighting       | 4 5 6 7 9 10 | 10.1
Maces & Flails | 1 2 4 5 8 11 13 15 | 15.7
Dodging        | 3 4 |  4.4
Armour         | 3 4 5 7 9 |  9.7
Shields        | 2 3 |  3.9

Action                     |  1- 3 |  4- 6 |  7- 9 | 10-12 || total
---------------------------+-------+-------+-------+-------++-------
  Melee: Spear             |    58 |       |       |       ||    58
         Headbutt          |     6 |     5 |    18 |    36 ||    65
         Flail             |     5 |    73 |   166 |   215 ||   459
 Invoke: Berserk           |     1 |     6 |     9 |     8 ||    24
         Trog's Hand       |       |       |       |     5 ||     5
         Brothers in Arms  |       |       |       |     5 ||     5
    Use: Potion            |       |       |       |     3 ||     3
         Scroll            |       |       |       |    12 ||    12
   Stab: Sleeping          |     2 |       |       |       ||     2
         Distracted        |       |       |     1 |       ||     1
 Armour: Animal skin       |    15 |       |       |       ||    15
         Leather armour    |    20 |     5 |       |       ||    25
         Chain mail        |       |    56 |   124 |    39 ||   219
         Plate armour      |       |       |       |   163 ||   163
  Dodge: Dodged            |    32 |    33 |   102 |    96 ||   263
  Block: Kite shield       |       |       |       |    86 ||    86

Table legend: (Time is in decaauts)
 A = Elapsed time spent in this place.
 B = Non-inter-level travel time spent in this place.
 C = Inter-level travel time spent in this place.
 D = Time resting spent in this place.
 E = Time spent auto-exploring this place.
 F = Levels seen in this place.
 G = Mean time per level.
                   A        B        C        D        E       F      G
               +--------+--------+--------+--------+--------+-----+--------+
         Total |   9006 |   8802 |    204 |      0 |   3928 |  11 |  818.7 |
       Dungeon |   8438 |   8234 |    204 |      0 |   3905 |   9 |  937.6 |
  Orcish Mines |    222 |    222 |      0 |      0 |      0 |   1 |  222.0 |
         Sewer |    345 |    345 |      0 |      0 |     23 |   1 |  345.0 |
               +--------+--------+--------+--------+--------+-----+--------+

Top non-repeatable levels by time:
     D:6: 1558 daAuts
     D:7: 1031 daAuts
     D:5: 927 daAuts
     D:9: 887 daAuts
     D:2: 858 daAuts
     D:4: 828 daAuts
     D:8: 798 daAuts
     D:1: 781 daAuts
     D:3: 766 daAuts
   Sewer: 345 daAuts
   Orc:1: 222 daAuts
